PAAA
BANGOR TRIDENT BASE OGRES @ FLORIDA MEN
07/09/2022
 
TOP OF THE 1ST
Bangor Trident Base Ogres batting - Pitching for Florida Men : RHP Jim Unknown
Pitching: RHP Jim Unknown
Batting: RHB Elvis Larson 0-0: Ball
1-0: Ball
2-0: Called Strike
2-1: DOUBLE (Line Drive, 9LS)
Batting: RHB Tom Baker 0-0: Ball
1-0: Called Strike
1-1: Called Strike
1-2: Fly out, F4 (Popup, 4D)
Batting: RHB Bertrand Sunter 0-0: Ball
1-0: Called Strike
1-1: Ground out 5-3 (Groundball, 56)
Batting: LHB Bobby Moore 0-0: Called Strike
0-1: DOUBLE (Line Drive, 8RXD)
Elvis Larson scores
Batting: RHB Jeremy Christensen 0-0: Reached on error, E6 (Groundball, 6M)
Bobby Moore to third
Batting: RHB Chae-hyeong Kim 0-0: Called Strike
0-1: Ball
1-1: Called Strike
1-2: Ball
2-2: SINGLE (Groundball, 56D)
Bobby Moore scores
Jeremy Christensen to second
Batting: RHB Hubert Dodson 0-0: Foul Ball, location: 2F
0-1: Called Strike
0-2: Strikes out looking
Top of the 1st over - 2 run(s), 3 hit(s), 1 error(s), 2 left on base; Bangor Trident Base 2 - Florida 0
BOTTOM OF THE 1ST
Florida Men batting - Pitching for Bangor Trident Base Ogres : RHP Jason McKinney
Pitching: RHP Jason McKinney
Batting: RHB Albert Morales 0-0: Ball
1-0: Foul Ball, location: 2F
1-1: Ball
2-1: Fly out, F8 (Flyball, 8LD)
Batting: SHB Jim Unknown 0-0: Called Strike
0-1: Ball
1-1: Ball
2-1: Foul Ball, location: 2F
2-2: Ground out 4-3 (Groundball, 4M)
Batting: RHB Carlos Rodríguez 0-0: Ball
1-0: Swinging Strike
1-1: Ball
2-1: Ground out 6-3 (Groundball, 6)
Bottom of the 1st over - 0 run(s), 0 hit(s), 0 error(s), 0 left on base; Bangor Trident Base 2 - Florida 0
TOP OF THE 2ND
Bangor Trident Base Ogres batting - Pitching for Florida Men : RHP Jim Unknown
Batting: SHB Bill Becker 0-0: DOUBLE (Line Drive, 89M)
Batting: RHB Augusto Rocha 0-0: Ball
1-0: Ball
2-0: Called Strike
2-1: Foul Ball, location: 2F
2-2: Strikes out swinging
Batting: RHB Elvis Larson 0-0: Foul Ball, location: 2F
0-1: Ground out 5-3 (Groundball, 56)
Batting: RHB Tom Baker 0-0: Ball
1-0: Ball
2-0: Foul Ball, location: 2F
2-1: Fly out, F7 (Line Drive, 78S)
Top of the 2nd over - 0 run(s), 1 hit(s), 0 error(s), 1 left on base; Bangor Trident Base 2 - Florida 0
BOTTOM OF THE 2ND
Florida Men batting - Pitching for Bangor Trident Base Ogres : RHP Jason McKinney
Batting: RHB Jim Unknown 0-0: Ball
1-0: Fly out, F7 (Flyball, 78S)
Batting: RHB Frank Collins 0-0: Ball
1-0: Ball
2-0: SINGLE (Groundball, 34)
Batting: RHB Won-min Yi 0-0: Ball
1-0: Foul Ball, location: 2F
1-1: Called Strike
1-2: Grounds into double play, U6-3 (Groundball, 6M)
Bottom of the 2nd over - 0 run(s), 1 hit(s), 0 error(s), 0 left on base; Bangor Trident Base 2 - Florida 0
TOP OF THE 3RD
Bangor Trident Base Ogres batting - Pitching for Florida Men : RHP Jim Unknown
Batting: RHB Bertrand Sunter 0-0: Ball
1-0: Ball
2-0: Called Strike
2-1: Fly out, F8 (Flyball, 78D)
Batting: LHB Bobby Moore 0-0: Called Strike
0-1: Ball
1-1: Foul Ball, location: 2F
1-2: Foul Ball, location: 2F
1-2: Foul Ball, location: 2F
1-2: Foul Ball, location: 2F
1-2: Ball
2-2: Foul Ball, location: 2F
2-2: Fly out, F7 (Flyball, 78D)
Batting: RHB Jeremy Christensen 0-0: Ball
1-0: Ball
2-0: Ball
3-0: Called Strike
3-1: Base on Balls
Batting: RHB Chae-hyeong Kim 0-0: Ball
1-0: Ball
2-0: DOUBLE (Flyball, 78M)
Jeremy Christensen to third
Runner from 3rd tries for Home, SAFE, throw made home
Batting: RHB Hubert Dodson 0-0: Called Strike
0-1: Fly out, F7 (Line Drive, 7M)
Top of the 3rd over - 1 run(s), 1 hit(s), 0 error(s), 1 left on base; Bangor Trident Base 3 - Florida 0
BOTTOM OF THE 3RD
Florida Men batting - Pitching for Bangor Trident Base Ogres : RHP Jason McKinney
Batting: LHB Mito Rin 0-0: Foul Ball, location: 2F
0-1: SINGLE (Groundball, 34)
Batting: RHB Dave Knight 0-0: Grounds into double play, 5-4-3 (Groundball, 56)
Batting: RHB Seon-keun Kim 0-0: Ball
1-0: Called Strike
1-1: Swinging Strike
1-2: Foul Ball, location: 2F
1-2: Strikes out swinging
Bottom of the 3rd over - 0 run(s), 1 hit(s), 0 error(s), 0 left on base; Bangor Trident Base 3 - Florida 0
TOP OF THE 4TH
Bangor Trident Base Ogres batting - Pitching for Florida Men : RHP Jim Unknown
Batting: SHB Bill Becker 0-0: Called Strike
0-1: Foul Ball, location: 2F
0-2: SOLO HOME RUN (Flyball, 89XD), Distance : 422 ft
Batting: RHB Augusto Rocha 0-0: Foul Ball, location: 2F
0-1: Foul Ball, location: 2F
0-2: Ball
1-2: Foul Ball, location: 2F
1-2: Strikes out looking
Batting: RHB Elvis Larson 0-0: Foul Ball, location: 2F
0-1: Foul Ball, location: 2F
0-2: Ball
1-2: SINGLE (Line Drive, 34D)
Batting: RHB Tom Baker 0-0: Called Strike
0-1: Ball
1-1: Foul Ball, location: 2F
1-2: Strikes out swinging
Batting: RHB Bertrand Sunter 0-0: Swinging Strike
0-1: Called Strike
0-2: Ball
1-2: Foul Ball, location: 2F
1-2: Ball
Elvis Larson steals 2nd base
2-2: Ball
3-2: Strikes out swinging
Top of the 4th over - 1 run(s), 2 hit(s), 0 error(s), 1 left on base; Bangor Trident Base 4 - Florida 0
BOTTOM OF THE 4TH
Florida Men batting - Pitching for Bangor Trident Base Ogres : RHP Jason McKinney
Batting: RHB Albert Morales 0-0: Ball
1-0: Called Strike
1-1: Ball
2-1: Ball
3-1: Foul Ball, location: 2F
3-2: Foul Ball, location: 2F
3-2: Ground out 5-3 (Groundball, 56S)
Batting: SHB Jim Unknown 0-0: Ground out U3 (Groundball, 3S)
Batting: RHB Carlos Rodríguez 0-0: Ball
1-0: Ball
2-0: Called Strike
2-1: Foul Ball, location: 2F
2-2: Ball
3-2: Strikes out swinging
Bottom of the 4th over - 0 run(s), 0 hit(s), 0 error(s), 0 left on base; Bangor Trident Base 4 - Florida 0
TOP OF THE 5TH
Bangor Trident Base Ogres batting - Pitching for Florida Men : RHP Jim Unknown
Batting: LHB Bobby Moore 0-0: Called Strike
0-1: Ball
1-1: Ball
2-1: Foul Ball, location: 2F
2-2: Ball
3-2: SINGLE (Groundball, 6MD)
Batting: RHB Jeremy Christensen 0-0: Ball
1-0: Called Strike
1-1: Foul Ball, location: 2F
1-2: SINGLE (Line Drive, 89S)
Bobby Moore to second
Batting: RHB Chae-hyeong Kim 0-0: Ball
Balk!
Bobby Moore to third
Jeremy Christensen to second
1-0: Ball
2-0: Ground out 5-3 (Groundball, 5)
Batting: RHB Hubert Dodson 0-0: Called Strike
0-1: Ball
1-1: Ball
2-1: Foul Ball, location: 2F
2-2: Ball
3-2: Strikes out looking
Batting: SHB Bill Becker 0-0: Swinging Strike
0-1: SINGLE (Line Drive, 89S)
Bobby Moore scores
Jeremy Christensen to third
Runner from 3rd tries for Home, SAFE, no throw or cutoff
Batting: RHB Augusto Rocha 0-0: Called Strike
0-1: Called Strike
0-2: Ball
1-2: Foul Ball, location: 2F
1-2: Foul Ball, location: 2F
1-2: Ball
2-2: SINGLE (Line Drive, 4MD)
Bill Becker to second
Batting: RHB Elvis Larson 0-0: Ball
1-0: Ball
2-0: Ball
3-0: Called Strike
3-1: Base on Balls
Bill Becker to third
Augusto Rocha to second
Pitching: RHP Jeff Krause
Batting: RHB Tom Baker 0-0: Ball
1-0: Ground out 5-3 (Groundball, 5L)
Top of the 5th over - 2 run(s), 4 hit(s), 0 error(s), 3 left on base; Bangor Trident Base 6 - Florida 0
BOTTOM OF THE 5TH
Florida Men batting - Pitching for Bangor Trident Base Ogres : RHP Jason McKinney
Batting: RHB Jim Unknown 0-0: Ball
1-0: Swinging Strike
1-1: Ball
2-1: Fly out, F4 (Popup, 4)
Batting: RHB Frank Collins 0-0: Called Strike
0-1: Ball
1-1: Ball
2-1: Foul Ball, location: 2F
2-2: Foul Ball, location: 2F
2-2: Foul Ball, location: 2F
2-2: SINGLE (Flyball, 8LS)
Batting: RHB Won-min Yi 0-0: Ball
1-0: Ball
2-0: Foul Ball, location: 2F
2-1: SINGLE (Line Drive, 89M)
Frank Collins to second
Batting: LHB Mito Rin 0-0: Ball
1-0: SINGLE (Line Drive, 5D)
Frank Collins to third
Won-min Yi to second
Batting: RHB Dave Knight 0-0: Ball
1-0: Called Strike
1-1: Grounds into double play, U5-3 (Groundball, 5L)
Bottom of the 5th over - 0 run(s), 3 hit(s), 0 error(s), 2 left on base; Bangor Trident Base 6 - Florida 0
TOP OF THE 6TH
Bangor Trident Base Ogres batting - Pitching for Florida Men : RHP Jeff Krause
Batting: RHB Bertrand Sunter 0-0: SINGLE (Groundball, 6MD)
Batting: LHB Bobby Moore 0-0: Ball
1-0: SINGLE (Groundball, 34D)
Bertrand Sunter to second
Batting: RHB Jeremy Christensen 0-0: Foul Ball, location: 2F
0-1: Ball
1-1: SINGLE (Groundball, 6D)
Bertrand Sunter to third
Bobby Moore to second
Batting: RHB Chae-hyeong Kim 0-0: Reached on error, E6 (Groundball, 6M)
Bertrand Sunter scores
Bobby Moore to third
Jeremy Christensen to second
Batting: RHB Hubert Dodson 0-0: Ball
1-0: Foul Ball, location: 2F
1-1: Called Strike
1-2: Foul Ball, location: 2F
1-2: Ball
Wild Pitch!
Bobby Moore scores
Jeremy Christensen to third
Chae-hyeong Kim to second
2-2: Ball
3-2: Base on Balls
Batting: SHB Bill Becker 0-0: DOUBLE (Flyball, 8RXD)
Jeremy Christensen scores
Chae-hyeong Kim scores
Hubert Dodson to third
Pitching: RHP Jorge Silva
Batting: RHB Augusto Rocha 0-0: Foul Ball, location: 2F
0-1: Foul Ball, location: 2F
0-2: Ball
1-2: Ball
2-2: Ball
3-2: SINGLE (Line Drive, 9LM)
Hubert Dodson scores
Bill Becker to third
Batting: RHB Elvis Larson 0-0: Swinging Strike
0-1: Called Strike
0-2: Ball
1-2: Strikes out swinging
Augusto Rocha is caught stealing 2nd base
Batter strikes out.
Batting: RHB Tom Baker 0-0: Called Strike
0-1: Ball
1-1: Ball
2-1: Foul Ball, location: 2F
2-2: Ball
3-2: Foul Ball, location: 2F
3-2: Base on Balls
Batting: RHB Bertrand Sunter 0-0: Called Strike
0-1: Foul Ball, location: 2F
0-2: Fly out, F7 (Line Drive, 7M)
Top of the 6th over - 5 run(s), 5 hit(s), 1 error(s), 2 left on base; Bangor Trident Base 11 - Florida 0
BOTTOM OF THE 6TH
Florida Men batting - Pitching for Bangor Trident Base Ogres : RHP Jason McKinney
Batting: RHB Seon-keun Kim 0-0: Ball
1-0: Called Strike
1-1: Ball
2-1: SINGLE (Groundball, 56D)
Batting: RHB Albert Morales 0-0: Called Strike
0-1: Called Strike
0-2: Ball
1-2: Ball
Wild Pitch!
Seon-keun Kim to second
2-2: Ball
3-2: Foul Ball, location: 2F
3-2: Foul Ball, location: 2F
3-2: Fly out, F8 (Popup, 78S)
Batting: SHB Jim Unknown 0-0: Ball
1-0: Called Strike
1-1: Foul Ball, location: 2F
1-2: SINGLE (Groundball, 4S) (infield hit)
Seon-keun Kim to third
Batting: RHB Carlos Rodríguez 0-0: Called Strike
0-1: Grounds into double play, 6-4-3 (Groundball, 6)
Bottom of the 6th over - 0 run(s), 2 hit(s), 0 error(s), 1 left on base; Bangor Trident Base 11 - Florida 0
TOP OF THE 7TH
Bangor Trident Base Ogres batting - Pitching for Florida Men : RHP Jorge Silva
Batting: LHB Bobby Moore 0-0: Ball
1-0: Ball
2-0: DOUBLE (Line Drive, 7LS)
Batting: RHB Jeremy Christensen 0-0: 2-RUN HOME RUN (Line Drive, 7D), Distance : 385 ft
Batting: RHB Chae-hyeong Kim 0-0: Ball
1-0: Ball
2-0: Foul Ball, location: 2F
2-1: Fly out, F8 (Flyball, 8LD)
Batting: RHB Hubert Dodson 0-0: Ball
1-0: Ball
2-0: Called Strike
2-1: Swinging Strike
2-2: Ball
3-2: Base on Balls
Batting: SHB Bill Becker 0-0: Ball
1-0: Ball
2-0: Called Strike
2-1: Called Strike
2-2: Ground out 3-1 (Groundball, 34)
Hubert Dodson to second
Batting: RHB Augusto Rocha 0-0: Called Strike
0-1: Fly out, F6 (Line Drive, 6M)
Top of the 7th over - 2 run(s), 2 hit(s), 0 error(s), 1 left on base; Bangor Trident Base 13 - Florida 0
BOTTOM OF THE 7TH
Florida Men batting - Pitching for Bangor Trident Base Ogres : RHP Jason McKinney
Batting: RHB Jim Unknown 0-0: Foul Ball, location: 2F
0-1: Ball
1-1: Ball
2-1: Swinging Strike
2-2: SINGLE (Line Drive, 4M)
Batting: RHB Frank Collins 0-0: Called Strike
0-1: Swinging Strike
0-2: SINGLE (Groundball, 56D)
Jim Unknown to second
Batting: RHB Won-min Yi 0-0: Foul Ball, location: 2F
0-1: SINGLE (Flyball, 9LS)
Jim Unknown to third
Frank Collins to second
Pitching: RHP Rubén Rodríguez
Batting: LHB Mito Rin 0-0: Ball
1-0: Ball
2-0: Foul Ball, location: 2F
2-1: GRAND SLAM HOME RUN (Flyball, 89XD), Distance : 426 ft
Batting: RHB Dave Knight 0-0: Foul Ball, location: 2F
0-1: Called Strike
0-2: Ball
1-2: Foul Ball, location: 2F
1-2: Ball
2-2: Ball
3-2: DOUBLE (Line Drive, 7LM)
Batting: RHB Seon-keun Kim 0-0: Ball
1-0: Swinging Strike
1-1: Called Strike
1-2: Ball
2-2: Fly out, F9 (Flyball, 9M)
Runner from 2nd tags up, SAFE at 3rd with throw
Batting: RHB Albert Morales 0-0: Fly out, F6 (Popup, 6D)
Batting: SHB Jim Unknown 0-0: Ball
1-0: Called Strike
1-1: Foul Ball, location: 2F
1-2: Ball
2-2: Ball
3-2: Base on Balls
Batting: RHB Carlos Rodríguez 0-0: Called Strike
0-1: Swinging Strike
0-2: Fly out, F6 (Popup, 5D)
Bottom of the 7th over - 4 run(s), 5 hit(s), 0 error(s), 2 left on base; Bangor Trident Base 13 - Florida 4
TOP OF THE 8TH
Bangor Trident Base Ogres batting - Pitching for Florida Men : RHP Jorge Silva
Batting: RHB Elvis Larson 0-0: Ball
1-0: Swinging Strike
1-1: SINGLE (Line Drive, 7LS)
Batting: RHB Tom Baker 0-0: Ball
1-0: SINGLE (Groundball, 6M)
Elvis Larson to second
Batting: RHB Bertrand Sunter 0-0: Fly out, F7 (Flyball, 78D)
Batting: LHB Bobby Moore 0-0: Called Strike
0-1: Ball
1-1: Ball
2-1: Ball
Wild Pitch!
Elvis Larson to third
Tom Baker to second
3-1: Base on Balls
Batting: RHB Jeremy Christensen 0-0: Ball
1-0: Ball
2-0: SINGLE (Line Drive, 8RS)
Elvis Larson scores
Tom Baker to third
Bobby Moore to second
Runner from 3rd tries for Home, SAFE, no throw or cutoff
Pitching: LHP José Ybarra
Pinch Hitting: RHB Sang-yeon Kim 0-0: Called Strike
0-1: Fielders Choice at 2nd, 6-4 (Groundball, 56)
Bobby Moore to third
Batting: RHB Hubert Dodson 0-0: Ball
1-0: Called Strike
1-1: Ball
2-1: Foul Ball, location: 2F
2-2: Foul Ball, location: 2F
2-2: Ball
3-2: Foul Ball, location: 2F
3-2: DOUBLE (Line Drive, 78M)
Bobby Moore scores
Sang-yeon Kim to third
Sang-yeon Kim scores
Batting: SHB Bill Becker 0-0: Ball
1-0: Foul Ball, location: 2F
1-1: Ball
2-1: Fly out, F6 (Line Drive, 6)
Top of the 8th over - 4 run(s), 4 hit(s), 0 error(s), 1 left on base; Bangor Trident Base 17 - Florida 4
BOTTOM OF THE 8TH
Florida Men batting - Pitching for Bangor Trident Base Ogres : RHP Rubén Rodríguez
Now in LF: Greg Griffin
Batting: RHB Jim Unknown 0-0: Ball
1-0: Called Strike
1-1: Swinging Strike
1-2: Ball
2-2: Foul Ball, location: 2F
2-2: SOLO HOME RUN (Flyball, 78XD), Distance : 408 ft
Batting: RHB Frank Collins 0-0: Ball
1-0: Ball
2-0: Called Strike
2-1: Ball
3-1: Base on Balls
Batting: RHB Won-min Yi 0-0: Called Strike
0-1: Ball
1-1: Grounds into double play, 5-4-3 (Groundball, 5)
Batting: LHB Mito Rin 0-0: Ball
1-0: Ground out 6-3 (Groundball, 6M)
Bottom of the 8th over - 1 run(s), 1 hit(s), 0 error(s), 0 left on base; Bangor Trident Base 17 - Florida 5
TOP OF THE 9TH
Bangor Trident Base Ogres batting - Pitching for Florida Men : LHP José Ybarra
Pitching: RHP Jim Unknown
Batting: RHB Augusto Rocha 0-0: Ball
1-0: Fly out, F9 (Flyball, 9D)
Batting: RHB Elvis Larson 0-0: Ground out 5-3 (Groundball, 56)
Batting: RHB Tom Baker 0-0: Ball
1-0: Ball
2-0: Ball
3-0: Base on Balls
Batting: RHB Bertrand Sunter 0-0: Called Strike
Tom Baker is caught stealing 2nd base
Top of the 9th over - 0 run(s), 0 hit(s), 0 error(s), 0 left on base; Bangor Trident Base 17 - Florida 5
BOTTOM OF THE 9TH
Florida Men batting - Pitching for Bangor Trident Base Ogres : RHP Rubén Rodríguez
Now in RF: Dan Hart
Batting: RHB Dave Knight 0-0: Ball
1-0: Fly out, F7 (Line Drive, 7M)
Batting: RHB Seon-keun Kim 0-0: Ground out 5-3 (Groundball, 56S)
Batting: RHB Albert Morales 0-0: DOUBLE (Groundball, 5L)
Batting: SHB Jim Unknown 0-0: Ball
1-0: Called Strike
1-1: Ball
2-1: Foul Ball, location: 2F
2-2: Ball
3-2: Base on Balls
Pinch Hitting: RHB Luis Díaz 0-0: Foul Ball, location: 2F
0-1: Fly out, F9 (Flyball, 89D)
Bottom of the 9th over - 0 run(s), 1 hit(s), 0 error(s), 2 left on base; Bangor Trident Base 17 - Florida 5
This league is powered by Out of the Park Baseball, the baseball management simulation game for PC, Mac and Linux
Friday, April 15th, 2016 - OOTP Baseball 16.9 Build 39